AoeStats
← j-ziel

Arabia

508917646Analyzed
1v1 RM · 9d ago on Sep 24, 2026· 12m 46s· 2 players
Game mode
Random Map
Map size
Tiny (2 player)
Population
200
Speed
Normal
Resources
Standard
Victory
Conquest
Starting age
Dark Age
Ending age
Imperial Age
RankedLock teamsTeams togetherTeam positionsShared explorationLock speedFull tech treeHidden civsTurbo modeCheats
Victory
Defeat
🇩🇪 Romans · Germany
1294
+15
🇩🇪 Lithuanians · Germany
1280
-15
j-ziel
6:26 Loom
7:10 Loom
9:29 Feudal Age
10:12 Double-Bit Axe
10:28 Horse Collar
Amano
9:12 Feudal Age
7:28 Loom
10:03 Double-Bit Axe
10:38 Man-at-Arms
Connection lost

Rejoining the realm…

Still unreachable

The connection could not be restored.

Session expired

The server has moved on; the page needs a fresh start.